 Dungeon Crawl Stone Soup version 0.21.0 (webtiles) character file.

16874 terra52 the Thaumaturge (level 12, 94/94 HPs)
             Began as a Gnoll Skald on Jan 6, 2018.
             Was an Initiate of Gozag.
             Quit the game in a labyrinth.
             The game lasted 00:57:05 (8720 turns).

terra52 the Thaumaturge (Gnoll Skald)               Turns: 8720, Time: 00:57:05

Health: 94/94      AC: 12    Str: 18    XL:     12   Next: 42%
Magic:  33/33      EV: 17    Int: 18    God:    Gozag
Gold:   469        SH:  6    Dex: 15    Spells: 15/28 levels left

rFire    . . .     SeeInvis .   T - +8 mace "Yluunki" {flame, *Noise Fragile rC+++ rN+ Str+2}
rCold    + + +     Gourm    .   l - +0 buckler
rNeg     + . .     Faith    .   b - +0 leather armour
rPois    +         Spirit   .   u - +1 helmet
rElec    .         Reflect  .   W - +1 cloak
rCorr    .         Harm     .   I - +1 pair of gloves
MR       .....                  v - +0 pair of boots
Stlth    +++.......             e - amulet of magic regeneration
HPRegen  0.25/turn              E - ring of poison resistance
MPRegen  0.48/turn              Q - ring of magical power

@: no status effects
A: distributed training, fangs 1, strong nose
a: Potion Petition, Call Merchant, Bribe Branch, Renounce Religion


You were in a labyrinth.
You worshipped Gozag.
Gozag was aware of your devotion.
You were not hungry.

You visited 3 branches of the dungeon, and saw 13 of its levels.
You also visited: Labyrinth.

You collected 1953 gold pieces.
You spent 684 gold pieces at shops.
You paid 800 gold pieces to Gozag.

Inventory:

Hand Weapons
 j - a +3 scimitar of holy wrath
 M - the +8 falchion of Upeihita {antimagic, rPois Str-5 Int+4 Stlth+}
   (You found it on level 7 of the Dungeon)

   It reduces the magical energy of the wielder, and disrupts the spells and
   magical abilities of those hit.
   Natural abilities and divine invocations are not affected.
   It affects your strength (-5).
   It affects your intelligence (+4).
   It protects you from poison.
   It makes you more stealthy.
 T - the +8 mace "Yluunki" (weapon) {flame, *Noise Fragile rC+++ rN+ Str+2}
   (You bought it in a shop on level 8 of the Dungeon)

   It has been specially enchanted to burn those struck by it, causing extra
   injury to most foes and up to half again as much damage against particularly
   susceptible opponents.
   It affects your strength (+2).
   It renders you almost immune to cold.
   It protects you from negative energy.
   It may make noises in combat.
   It will be destroyed if unequipped.
Missiles
 P - 9 javelins (quivered)
 Y - 8 tomahawks of returning
Armour
 b - a +0 leather armour (worn)
 l - a +0 buckler (worn)
 u - a +1 helmet (worn)
 v - a +0 pair of boots (worn)
 I - a +1 pair of gloves (worn)
 W - a +1 cloak (worn)
Jewellery
 e - an amulet of magic regeneration (around neck)
 s - an uncursed ring of flight
 y - the amulet "Gucwos" {Regen+ Int+4}
   (You found it on level 5 of the Dungeon)

   [amulet of regeneration]

   It affects your intelligence (+4).
   It increases your rate of regeneration.
 E - a ring of poison resistance (left hand)
 H - an uncursed ring of fire
 Q - a ring of magical power (right hand)
Wands
 o - a wand of random effects (99)
 t - a wand of flame (16)
 C - a wand of polymorph (8)
 J - a wand of scattershot (7)
 K - a wand of acid (5)
 X - a wand of disintegration (4)
Scrolls
 a - a scroll of vulnerability {unknown}
 i - 8 scrolls of identify
 k - a scroll of teleportation
 m - 4 scrolls of magic mapping
 n - 6 scrolls of remove curse
 w - 2 scrolls of amnesia {unknown}
 B - a scroll of enchant armour
 F - a scroll of fear {unknown}
 L - a scroll of immolation {unknown}
 O - a scroll of blinking {unknown}
Potions
 f - 4 potions of lignification
 g - a potion of resistance {unknown}
 h - 4 potions of heal wounds
 q - 5 potions of agility
 r - 4 potions of curing
 x - 3 potions of brilliance
 z - 4 potions of haste
 A - a potion of flight {unknown}
 D - 2 potions of mutation {unknown}
 G - a potion of cancellation {unknown}
 N - 2 potions of berserk rage
 R - a potion of ambrosia {unknown}
Books
 V - a book of Air

   Spells                             Type                      Level
   a - Shock                          Conjuration/Air              1
   b - Swiftness                      Charms/Air                   2
   c - Static Discharge               Conjuration/Air              3
   d - Airstrike                      Air                          4
   e - Lightning Bolt                 Conjuration/Air              5
Comestibles
 d - 6 rations


   Skills:
 + Level 8.6 Fighting
 + Level 7.1 Short Blades
 + Level 7.1 Long Blades
 + Level 7.1 Axes
 + Level 7.1 Maces & Flails
 + Level 8.6 Polearms
 + Level 7.1 Staves
 + Level 7.1 Slings
 + Level 7.1 Bows
 + Level 7.1 Crossbows
 + Level 7.1 Throwing
 + Level 7.6 Armour
 + Level 8.6 Dodging
 + Level 7.1 Stealth
 + Level 7.1 Shields
 + Level 7.1 Unarmed Combat
 + Level 8.8 Spellcasting
 + Level 5.9 Conjurations
 + Level 5.9 Hexes
 + Level 8.2 Charms
 + Level 5.9 Summonings
 + Level 5.9 Necromancy
 + Level 5.9 Translocations
 + Level 5.9 Transmutations
 + Level 5.9 Fire Magic
 + Level 5.9 Ice Magic
 + Level 5.9 Air Magic
 + Level 5.9 Earth Magic
 + Level 5.9 Poison Magic
 + Level 7.8 Invocations
 + Level 7.1 Evocations


You had 15 spell levels left.
You knew the following spells:

 Your Spells              Type           Power        Failure   Level  Hunger
a - Infusion              Chrm           ####         1%          1    None
b - Regeneration          Chrm/Necr      ####......   1%          3    None
c - Spectral Weapon       Hex/Chrm       ####....     1%          3    None
d - Song of Slaying       Chrm           #####...     1%          2    None
e - Shroud of Golubria    Chrm/Tloc      ####......   1%          2    None
f - Swiftness             Chrm/Air       ####....     1%          2    None


Dungeon Overview and Level Annotations

Branches:
Dungeon (11/15)            Temple (1/1) D:4            Lair (1/6) D:11
    Orc: D:9-12

Altars:
Ashenzari
Cheibriados
Dithmenos
Elyvilon
Fedhas
Gozag
Hepliaklqana
Kikubaaqudgha
Makhleb
Okawaru
Qazlal
Ru
Sif Muna
Trog
Uskayaw
Vehumet
Wu Jian
Xom
Yredelemnul
Zin
The Shining One

Shops:
D:6 !   D:8 (   D:10 *

Annotations:
D:3 Aaeron's ghost, amateur TeAE
D:7 McSplat's ghost, novice TrVM
D:11 reriks1's ghost, journeyman MiBe


Innate Abilities, Weirdness & Mutations

Your experience applies equally to all skills.
You have very sharp teeth.
Your uncanny sense of smell can sniff out nearby items.


Message History

You hear an odd grinding sound!
As you read the scroll labeled KEM CAEMUOWA, it crumbles to dust.
It is a scroll of enchant armour.
Your +0 helmet glows green for a moment.
As you read the scroll of enchant armour, it crumbles to dust.
Your +0 pair of gloves glows green for a moment.
As you read the scroll of enchant armour, it crumbles to dust.
Your +0 cloak glows green for a moment.
As you read the scroll labeled IKKAEV GONELESS, it crumbles to dust.
You feel strangely unstable.
It was a scroll of teleportation.
Your surroundings suddenly seem different.
You are near starving!
You hear an odd grinding sound!
You eat one of the 7 rations.
That ration really hit the spot!
You feel a sudden draft!
As you read the scroll of teleportation, it crumbles to dust.
You feel strangely unstable.
Your surroundings suddenly seem different.
You hear the creaking of ancient gears!
Are you sure you want to abandon this character and quit the game? (Confirm with "yes".)

∆ ############# ##
#............ # #
#.#########.#.#.##
#@....# #.#.....
#####.## .#####.##
... .# .#.#.# # .#
# .. #.#.#.#.#
#...#. . #.# # #
#...# #.


There were no monsters in sight!

Vanquished Creatures
  4 two-headed ogres
  Urug (D:11)
  The ghost of Theotherone the Cleaver, a novice MiBe of Trog (D:8)
  An unseen horror (D:11)
  3 cyclopes (D:11)
  A spiny frog (Lair:1)
  Psyche (D:11)
  2 centaur skeletons
  3 trolls
  Prince Ribbit (D:7)
  A hornet (D:6)
  5 blink frogs
  6 slime creatures (D:11)
  A hippogriff (D:8)
  2 wyverns (D:10)
  5 yaks (D:11)
  A basilisk (D:11)
  Sigmund (D:4)
  3 hungry ghosts
  Duvessa (D:7)
  2 porcupines (Lair:1)
  2 wandering mushrooms (D:11)
  2 black bears
  3 orc warriors
  3 ice beasts
  3 sky beasts
  A phantom (D:11)
  2 necrophages
  4 ogres
  3 centaurs
  A crocodile (D:11)
  A big kobold (D:7)
  Blork the orc (D:4)
  Dowan (D:7)
  4 bullfrogs
  A wyvern zombie (D:7)
  4 scorpions
  7 killer bees
  19 wights
  2 spriggan skeletons (Lab)
  A howler monkey (D:11)
  2 crimson imps
  6 centaur zombies
  4 orc priests
  2 jellies
  A bullfrog skeleton (D:5)
  4 hounds
  9 orc wizards
  4 iguanas
  Ijyb (D:5)
  6 worker ants
  An ogre skeleton (Lab)
  A worker ant zombie (D:10)
  Robin (D:4)
  3 gnolls (D:3)
  11 adders
  A shadow imp (D:11)
  An ooze (D:2)
  An adder zombie (D:8)
  An adder skeleton (D:9)
  3 worms
  3 dart slugs
  8 leopard geckos
  19 orcs
  4 giant cockroaches
  8 hobgoblins
  2 quokkas
  A ball python (D:2)
  4 bats
  3 frilled lizards
  13 goblins
  9 kobolds
  A leopard gecko skeleton (D:4)
  8 rats
257 creatures vanquished.

Vanquished Creatures (others)
  4 fungi (Lair:1)
  3 plants
  7 spectral weapons
14 creatures vanquished.

Grand Total: 271 creatures vanquished

Notes
Turn   | Place    | Note
-------+----------+-------------------------------------------
     0 | D:1      | terra52 the Gnoll Skald began the quest for the Orb.
     0 | D:1      | Reached XP level 1. HP: 20/20 MP: 6/6
    79 | D:1      | Reached XP level 2. HP: 26/26 MP: 4/7
   386 | D:1      | Reached XP level 3. HP: 28/31 MP: 7/9
   417 | D:2      | Reached skill level 5 in Spellcasting
   451 | D:2      | Learned a level 3 spell: Regeneration
   455 | D:2      | Learned a level 3 spell: Spectral Weapon
   458 | D:2      | Learned a level 2 spell: Song of Slaying
   461 | D:2      | Learned a level 2 spell: Shroud of Golubria
   607 | D:2      | Reached skill level 1 in Invocations
   646 | D:2      | Reached skill level 1 in Short Blades
   646 | D:2      | Reached skill level 1 in Long Blades
   646 | D:2      | Reached skill level 1 in Axes
   646 | D:2      | Reached skill level 1 in Maces & Flails
   646 | D:2      | Reached skill level 1 in Staves
   646 | D:2      | Reached skill level 1 in Slings
   646 | D:2      | Reached skill level 1 in Bows
   646 | D:2      | Reached skill level 1 in Crossbows
   646 | D:2      | Reached skill level 1 in Throwing
   646 | D:2      | Reached skill level 1 in Stealth
   646 | D:2      | Reached skill level 1 in Shields
   646 | D:2      | Reached skill level 1 in Unarmed Combat
   646 | D:2      | Reached skill level 1 in Evocations
   670 | D:2      | Reached XP level 4. HP: 29/38 MP: 4/11
   775 | D:3      | Reached skill level 1 in Conjurations
   775 | D:3      | Reached skill level 1 in Hexes
   775 | D:3      | Reached skill level 1 in Summonings
   775 | D:3      | Reached skill level 1 in Necromancy
   775 | D:3      | Reached skill level 1 in Translocations
   775 | D:3      | Reached skill level 1 in Transmutations
   775 | D:3      | Reached skill level 1 in Fire Magic
   775 | D:3      | Reached skill level 1 in Ice Magic
   775 | D:3      | Reached skill level 1 in Air Magic
   775 | D:3      | Reached skill level 1 in Earth Magic
   775 | D:3      | Reached skill level 1 in Poison Magic
   862 | D:3      | Noticed Aaeron's ghost (amateur TeAE)
   945 | D:3      | Reached XP level 5. HP: 43/43 MP: 3/12
  1005 | D:4      | Noticed Blork the orc
  1023 | D:4      | Killed Blork the orc
  1023 | D:4      | Reached XP level 6. HP: 44/50 MP: 7/13
  1043 | D:4      | Noticed Robin
  1044 | D:4      | Killed Robin
  1172 | D:4      | Found a staircase to the Ecumenical Temple.
  1178 | Temple   | Entered the Ecumenical Temple
  1280 | Temple   | Became a worshipper of Gozag Ym Sagoz the Greedy
  1360 | D:4      | Reached skill level 5 in Fighting
  1360 | D:4      | Reached skill level 5 in Polearms
  1360 | D:4      | Reached skill level 5 in Dodging
  1374 | D:4      | Noticed Sigmund
  1400 | D:4      | Killed Sigmund
  1400 | D:4      | Reached XP level 7. HP: 49/56 MP: 6/15
  1435 | D:5      | Entered Level 5 of the Dungeon
  1647 | D:5      | Got an ancient tin amulet
  1648 | D:5      | Identified the amulet "Gucwos" {Regen+ Int+4} (You found it on level 5 of the Dungeon)
  1814 | D:5      | Reached XP level 8. HP: 63/63 MP: 10/16
  1875 | D:5      | Found a blossoming altar of Fedhas.
  2031 | D:5      | Noticed Ijyb
  2042 | D:5      | Killed Ijyb
  2175 | D:6      | Found Maorph's Distillery.
  2180 | D:6      | Noticed a two-headed ogre
  2639 | D:6      | Bought a potion of degeneration for 12 gold pieces
  2639 | D:6      | Bought a potion of brilliance for 48 gold pieces
  2639 | D:6      | Bought a potion of berserk rage for 60 gold pieces
  2639 | D:6      | Bought 2 potions of agility for 96 gold pieces
  2639 | D:6      | Bought a potion of heal wounds for 60 gold pieces
  2639 | D:6      | Bought a potion of agility for 48 gold pieces
  2639 | D:6      | Bought a potion of lignification for 36 gold pieces
  2688 | D:6      | Noticed a hornet
  2699 | D:6      | Killed a hornet
  2840 | D:7      | Reached XP level 9. HP: 69/69 MP: 14/18
  2966 | D:7      | Noticed Duvessa
  2966 | D:7      | Noticed Dowan
  2985 | D:7      | Killed Duvessa
  2986 | D:7      | Killed Dowan
  3050 | D:7      | Noticed Prince Ribbit
  3078 | D:7      | Killed Prince Ribbit
  3078 | D:7      | Reached skill level 5 in Armour
  3268 | D:7      | Identified the +8 falchion of Upeihita {antimagic, rPois Str-5 Int+4 Stlth+} (You found it on level 7 of the Dungeon)
  3415 | D:7      | Noticed McSplat's ghost (novice TrVM)
  3434 | D:7      | Reached skill level 5 in Invocations
  3627 | D:8      | Reached XP level 10. HP: 70/77 MP: 20/20
  3951 | D:8      | Noticed Theotherone's ghost (novice MiBe)
  3991 | D:9      | Noticed a two-headed ogre
  4014 | D:9      | Killed a two-headed ogre
  4014 | D:9      | Reached skill level 5 in Short Blades
  4014 | D:9      | Reached skill level 5 in Long Blades
  4014 | D:9      | Reached skill level 5 in Axes
  4014 | D:9      | Reached skill level 5 in Maces & Flails
  4014 | D:9      | Reached skill level 5 in Staves
  4014 | D:9      | Reached skill level 5 in Slings
  4014 | D:9      | Reached skill level 5 in Bows
  4014 | D:9      | Reached skill level 5 in Crossbows
  4014 | D:9      | Reached skill level 5 in Throwing
  4014 | D:9      | Reached skill level 5 in Stealth
  4014 | D:9      | Reached skill level 5 in Shields
  4014 | D:9      | Reached skill level 5 in Unarmed Combat
  4014 | D:9      | Reached skill level 5 in Evocations
  4240 | D:8      | Noticed a two-headed ogre
  4253 | D:8      | Killed a two-headed ogre
  4355 | D:8      | Found Xalyegoved's Antique Weapon Boutique.
  4368 | D:8      | Bought a polished mace for 192 gold pieces
  4368 | D:8      | Identified the +8 mace "Yluunki" {flame, *Noise Fragile rC+++ rN+ Str+2} (You bought it in a shop on level 8 of the Dungeon)
  4415 | D:8      | Killed Theotherone's ghost
  4740 | D:9      | Found a hide-covered altar of Uskayaw.
  4749 | D:9      | Found a white marble altar of Elyvilon.
  4900 | D:9      | Reached XP level 11. HP: 83/83 MP: 17/22
  4927 | D:9      | Found a glowing golden altar of the Shining One.
  4927 | D:9      | Found a radiant altar of Vehumet.
  4929 | D:9      | Found a basalt altar of Yredelemnul.
  4951 | D:9      | Learned a level 2 spell: Swiftness
  5295 | D:10     | Entered Level 10 of the Dungeon
  5348 | D:10     | Noticed a two-headed ogre
  5364 | D:10     | Killed a two-headed ogre
  5457 | D:10     | Reached skill level 5 in Conjurations
  5457 | D:10     | Reached skill level 5 in Hexes
  5457 | D:10     | Reached skill level 5 in Summonings
  5457 | D:10     | Reached skill level 5 in Necromancy
  5457 | D:10     | Reached skill level 5 in Translocations
  5457 | D:10     | Reached skill level 5 in Transmutations
  5457 | D:10     | Reached skill level 5 in Fire Magic
  5457 | D:10     | Reached skill level 5 in Ice Magic
  5457 | D:10     | Reached skill level 5 in Air Magic
  5457 | D:10     | Reached skill level 5 in Earth Magic
  5457 | D:10     | Reached skill level 5 in Poison Magic
  5540 | D:10     | Noticed a two-headed ogre
  5548 | D:10     | Killed a two-headed ogre
  5697 | D:10     | Bought a scroll labeled RIUMOTR NAER for 34 gold pieces
  5697 | D:10     | Bought a scroll labeled KAGRUJ YS VEOL for 34 gold pieces
  5982 | D:11     | Noticed a cyclops
  5993 | D:11     | Noticed reriks1's ghost (journeyman MiBe)
  6005 | D:11     | Noticed a manticore
  6056 | D:10     | Bought a puce potion for 30 gold pieces
  6056 | D:10     | Bought a scroll labeled FOIRIO SEUGAYR for 34 gold pieces
  6077 | D:11     | Noticed a cyclops
  6080 | D:11     | Noticed a cyclops
  6097 | D:11     | Killed a cyclops
  6110 | D:11     | Killed a cyclops
  6185 | D:11     | Killed an unseen horror
  6368 | D:11     | Noticed Urug
  6395 | D:11     | Noticed Psyche
  6397 | D:11     | Killed Psyche
  6424 | D:11     | Killed a cyclops
  6424 | D:11     | Reached XP level 12. HP: 92/92 MP: 17/24
  6451 | D:11     | Killed Urug
  6698 | D:11     | Found a staircase to the Lair.
  6999 | Lair:1   | Entered Level 1 of the Lair of Beasts
  7245 | Lair:1   | Found a labyrinth entrance.
  7270 | Lab      | Entered a labyrinth
  8720 | Lab      | Quit the game

Skill      XL: |  1  2  3  4  5  6  7  8  9 10 11 12 |
---------------+-------------------------------------+-----
Spellcasting   | 5 6 7 8 |  8.8
Invocations    | 1 2 3 4 5 6 7 |  7.8
Short Blades   | 1 2 3 4 5 6 7 |  7.1
Long Blades    | 1 2 3 4 5 6 7 |  7.1
Axes           | 1 2 3 4 5 6 7 |  7.1
Maces & Flails | 1 2 3 4 5 6 7 |  7.1
Staves         | 1 2 3 4 5 6 7 |  7.1
Slings         | 1 2 3 4 5 6 7 |  7.1
Bows           | 1 2 3 4 5 6 7 |  7.1
Crossbows      | 1 2 3 4 5 6 7 |  7.1
Throwing       | 1 2 3 4 5 6 7 |  7.1
Stealth        | 1 2 3 4 5 6 7 |  7.1
Shields        | 1 2 3 4 5 6 7 |  7.1
Unarmed Combat | 1 2 3 4 5 6 7 |  7.1
Evocations     | 1 2 3 4 5 6 7 |  7.1
Conjurations   | 1 2 3 4 5 |  5.9
Hexes          | 1 2 3 4 5 |  5.9
Summonings     | 1 2 3 4 5 |  5.9
Necromancy     | 1 2 3 4 5 |  5.9
Translocations | 1 2 3 4 5 |  5.9
Transmutations | 1 2 3 4 5 |  5.9
Fire Magic     | 1 2 3 4 5 |  5.9
Ice Magic      | 1 2 3 4 5 |  5.9
Air Magic      | 1 2 3 4 5 |  5.9
Earth Magic    | 1 2 3 4 5 |  5.9
Poison Magic   | 1 2 3 4 5 |  5.9
Armour         | 3 4 5 6 7 |  7.6
Fighting       | 5 6 7 8 |  8.6
Polearms       | 5 6 7 8 |  8.6
Dodging        | 5 6 7 8 |  8.6
Charms         | 6 7 8 |  8.2

Action                   |  1- 3 |  4- 6 |  7- 9 | 10-12 || total
-------------------------+-------+-------+-------+-------++-------
Melee: Spear             |    85 |   119 |   259 |    98 ||   561
       Bite              |     1 |     8 |    23 |    45 ||    77
       Punch             |     1 |       |       |       ||     1
       Mace              |       |       |       |   303 ||   303
Throw: Javelin           |       |       |       |     6 ||     6
 Cast: Infusion          |    16 |     8 |    24 |    31 ||    79
       Regeneration      |     1 |     7 |    13 |    47 ||    68
       Spectral Weapon   |       |     8 |    28 |    33 ||    69
       Song of Slaying   |       |     5 |     1 |     5 ||    11
       Shroud of Golubri |       |     2 |     5 |    25 ||    32
       Swiftness         |       |       |       |     1 ||     1
Invok: Call Merchant     |       |       |       |     1 ||     1
Evoke: Wand              |       |       |       |    14 ||    14
  Use: Scroll            |       |       |     2 |    11 ||    13
       Potion            |       |       |     1 |     2 ||     3
 Stab: Sleeping          |       |     1 |     3 |     8 ||    12
       Distracted        |       |     1 |       |     4 ||     5
  Eat: Chunk             |       |     3 |       |       ||     3
       Ration            |       |       |     3 |     6 ||     9
Armor: Leather armour    |     7 |    10 |    22 |    52 ||    91
Dodge: Dodged            |    31 |    46 |   110 |   245 ||   432
Block: Buckler           |       |    13 |    48 |    83 ||   144
